 Dungeon Crawl Stone Soup version 0.29-a0-341-g24ffce5b50 (webtiles) character file.

Game seed: 12623125854450269537

210 HendSelp the Insei (level 5, 0/30 HPs)
             Began as a Tengu Transmuter on Apr 20, 2022.
             Slain by a gnoll
             ... wielding a +0 flail
              (8 damage)
             ... on level 2 of the Dungeon.
             The game lasted 00:02:12 (2264 turns).

HendSelp the Insei (Tengu Transmuter)               Turns: 2264, Time: 00:02:13

Health: 0/30       AC:  6    Str: 10    XL:     5   Next: 88%
Magic:  8/10       EV: 14    Int: 15    God:
Gold:   69         SH:  0    Dex: 15    Spells: 7/10 levels left

rFire   . . .      SeeInvis .     - Unarmed
rCold   . . .      Faith    .   (no shield)
rNeg    . . .      Spirit   .   a - +0 robe
rPois   .          Reflect  .   d - +2 hat
rElec   .          Harm     .   i - +1 cloak
rCorr   .          Rampage  .   (no gloves)
Will    .....                   (boots unavailable)
Stlth   +.........              (no amulet)
HPRegen 0.10/turn               (no ring)
MPRegen 0.12/turn               (no ring)

@: wereblooded, flying quickly and evasively, quick
A: beak, talons 3, nimble flight
a: no special abilities


You were on level 2 of the Dungeon.
You visited 1 branch of the dungeon, and saw 2 of its levels.

You collected 69 gold pieces.

Inventory:

Armour
 a - a +0 robe (worn)
 d - a +2 hat (worn)
 i - a +1 cloak (worn)
Scrolls
 h - a scroll of teleportation
Potions
 b - a potion of lignification
 c - a potion of attraction {unknown}
 e - a potion of haste


   Skills:
 * Level 1.9 Fighting
 - Level 2.1 Dodging
 * Level 5.1 Unarmed Combat
 * Level 3.2 Spellcasting
 * Level 2.6 Transmutations


You had 7 spell levels left.
You knew the following spells:

 Your Spells              Type           Power      Damage    Failure   Level
a - Beastly Appendage     Tmut           20%        N/A       7%          1
b - Wereblood             Tmut           10%        N/A       10%         2

Your spell library contained the following spells:

 Spells                   Type           Power      Damage    Failure   Level
 Spider Form              Tmut/Pois      6%         N/A       34%         3
 Ice Form                 Ice/Tmut       6%         N/A       75%         4


Dungeon Overview and Level Annotations

Branches:
Dungeon (2/15)

Altars:


Innate Abilities, Weirdness & Mutations

You have a beak for a mouth.
You have claws for feet.
Your magical nature lets you fly swiftly and evasively.


Message History

You hit the gnoll. You claw the gnoll, but do no damage.
You peck the gnoll, but do no damage.
The gnoll is heavily wounded.
The gnoll hits you with a +1 spear of flaming.
The gnoll burns you.
You hit the gnoll. Your peck misses the gnoll.
The gnoll is almost dead.
The gnoll hits you but does no damage.
Unknown command.
You hit the gnoll.
You kill the gnoll!
The gnoll barely misses you.
Unknown command.
You hit the gnoll. You claw the gnoll, but do no damage.
The gnoll is moderately wounded.
The gnoll hits you with a +0 flail! The gnoll misses you.
Unknown command.
Casting: Beastly Appendage (safe; 7% risk of failure)
Confirm with . or Enter, or press ? or * to list all spells.
Your blood is infused with primal strength.
The gnoll closely misses you. x2
Unknown command.
The gnoll hits you but does no damage. The gnoll closely misses you.
Unknown command.
You barely miss the gnoll. Your kick misses the gnoll. The gnoll misses you.
The gnoll closely misses you.
Unknown command.
Casting: Wereblood (safe; 10% risk of failure)
Confirm with . or Enter, or press ? or * to list all spells.
You don't know that spell.
You're already flying!
You punch the gnoll! Your peck misses the gnoll.
The gnoll is heavily wounded.
The gnoll misses you. The gnoll hits you with a +0 flail!
* * * LOW HITPOINT WARNING * * *
Unknown command.
You hit the gnoll but do no damage.
The gnoll is heavily wounded.
The gnoll hits you with a +0 flail!
You die...

#.### #.# #.# ### #.#
#.. #.# #.. #.# #..
##.##
#####g####.#####...####
#....g@..#.............
#.###.##.# #####...####
#.. #.# ##.## #.# #.#
#.# # #.# #<# #.#
#.##.###.# ##'##
#........# ##...##
####.##### ##.....##
#.##.## ##.......##


You could see 2 gnolls.

Vanquished Creatures
  Sigmund (D:2)
  A gnoll (D:2)
  An adder (D:2)
  A worm (D:2)
  2 dart slugs (D:1)
  3 bats (D:1)
  3 endoplasms
  6 giant cockroaches
  3 hobgoblins (D:1)
  2 quokkas
  3 ball pythons
  2 frilled lizards
  3 goblins
  2 kobolds
  A rat (D:1)
34 creatures vanquished.

Notes
Turn   | Place    | Note
-------+----------+-------------------------------------------
     0 | D:1      | HendSelp the Tengu Transmuter began the quest for the Orb.
     0 | D:1      | Reached XP level 1. HP: 12/12 MP: 4/4
   160 | D:1      | Reached XP level 2. HP: 11/16 MP: 6/6
   802 | D:1      | Reached skill level 4 in Unarmed Combat
   955 | D:1      | Reached XP level 3. HP: 14/20 MP: 5/7
  1338 | D:2      | Learned a level 2 spell: Wereblood
  1715 | D:2      | Found a faded altar of an unknown god.
  1960 | D:2      | Noticed Sigmund
  1970 | D:2      | Killed Sigmund
  1971 | D:2      | Reached skill level 5 in Unarmed Combat
  1971 | D:2      | Reached XP level 4. HP: 26/26 MP: 7/9
  1971 | D:2      | Gained mutation: Your magical nature lets you fly swiftly
                  | and evasively. [Tengu growth]
  1971 | D:2      | Reached XP level 5. HP: 30/30 MP: 7/10
  2264 | D:2      | Slain by a gnoll

Illustrated notes

Levels and vault maps discovered:
D:1:      nzn_arrival_water_spiral, layout_rooms, minmay_misc_feat_plants
D:2:      layout_loops_corners, ebering_ecumenical_altar_box, uniq_sigmund

Skill      XL: |  1  2  3 |
---------------+----------+-----
Unarmed Combat | 4 5 |  5.1
Spellcasting   | 3 |  3.2
Transmutations | 2 |  2.6
Fighting       | |  1.9
Dodging        | |  2.1

Action                   |  1- 3 |  4- 6 || total
-------------------------+-------+-------++-------
Melee: Unarmed           |    69 |    20 ||    89
       Kick              |    13 |     4 ||    17
       Headbutt          |     7 |     1 ||     8
       Peck              |     6 |     1 ||     7
       Punch             |     1 |       ||     1
 Cast: Beastly Appendage |    16 |     3 ||    19
       Wereblood         |     1 |     2 ||     3
  Use: Scroll            |     9 |     2 ||    11
       Potion            |     2 |       ||     2
 Stab: Sleeping          |     1 |       ||     1
Armor: Robe              |    17 |     3 ||    20
       Skin              |     1 |     1 ||     2
Dodge: Dodged            |    37 |    15 ||    52

Table legend: (Time is in decaauts)
 A = Elapsed time spent in this place.
 B = Non-inter-level travel time spent in this place.
 C = Inter-level travel time spent in this place.
 D = Time resting spent in this place.
 E = Time spent auto-exploring this place.
 F = Levels seen in this place.
 G = Mean time per level.
                   A        B        C        D        E       F      G
               +--------+--------+--------+--------+--------+-----+--------+
         Total |   2243 |   2234 |      9 |    148 |   1813 |   2 | 1121.5 |
       Dungeon |   2243 |   2234 |      9 |    148 |   1813 |   2 | 1121.5 |
               +--------+--------+--------+--------+--------+-----+--------+

Top non-repeatable levels by time:
     D:1: 1306 daAuts
     D:2: 937 daAuts
